 Dungeon Crawl Stone Soup version 0.13.0-29-gdb529de (webtiles) character file.

323 Paddoo the Vexing (level 5, -1/35 HPs)
             Began as a Vampire Enchanter on Nov 11, 2013.
             Slain by an orc priest
             ... wielding a +0,+1 orcish short sword
              (4 damage)
             ... on Level 3 of the Dungeon.
             The game lasted 00:17:55 (2364 turns).

Paddoo the Vexing (Vampire Enchanter)               Turns: 2364, Time: 00:17:56

HP  -1/35        AC  3     Str  7      XL: 5   Next: 13%
MP   1/10        EV 13     Int 18      God:
Gold 169         SH  0     Dex 14      Spells:  3 memorised,  2 levels left

Res.Fire  : . . .   See Invis. : +   w - +0 short sword
Res.Cold  : + + .   Warding    : .   b - +1 robe
Life Prot.: + + +   Conserve   : .   (no shield)
Res.Poison: +       Res.Corr.  : .   (no helmet)
Res.Elec. : .       Clarity    : .   (no cloak)
Sust.Abil.: . .     Spirit.Shd : .   (no gloves)
Res.Mut.  : .       Stasis     : .   (no boots)
Res.Rott. : +       Flight     : .   v - amulet of inaccuracy {unknown}
Saprovore : . . .                    (no ring)
                                     (no ring)

@: regenerating slowly, very slightly contaminated, slightly resistant to
hostile enchantments, quite stealthy
A: fangs 3, see invisible, unbreathing
a: Bat Form


You were on level 3 of the Dungeon.
You were near bloodless.

You visited 1 branch of the dungeon, and saw 3 of its levels.

You collected 149 gold pieces.

Inventory:

Hand weapons
 a - a +1,+1 dagger {=f}
 w - a +0,+0 short sword (weapon)
Missiles
 d - 12 darts (quivered)
 i - 36 poisoned needles
 l - a throwing net
 n - 4 darts of frost
Armour
 b - a +1 robe (worn)
Magical devices
 y - a wand of flame (10)
Scrolls
 f - a scroll of blinking {unknown}
 j - 2 scrolls of identify {unknown}
 m - 4 scrolls of remove curse {unknown}
 q - 2 scrolls of enchant armour {unknown}
 r - a scroll of random uselessness {unknown}
 t - a scroll of magic mapping {unknown}
 u - 2 scrolls of curse weapon {unknown}
 x - a scroll of curse jewellery {unknown}
Jewellery
 k - an uncursed amulet of the gourmand {unknown}
 v - an amulet of inaccuracy (around neck) {unknown}
Potions
 e - a potion of coagulated blood
 g - 3 potions of curing {unknown}
 h - a potion of restore abilities {unknown}
 o - a potion of speed {unknown}
 p - a potion of degeneration {unknown}
 s - 2 potions of heal wounds {unknown}
Books
 c - a book of Maledictions

   Spells                             Type                      Level
   *Corona                            Hexes                        1
   Sure Blade                         Hexes/Charms                 2
   *Ensorcelled Hibernation           Hexes/Ice                    2
   *Confuse                           Hexes                        3
   Enslavement                        Hexes                        4
   Invisibility                       Hexes                        6


   Skills:
 * Level 1.3 Fighting
 + Level 1.5 Short Blades
 - Level 0.7 Throwing
 + Level 2.9 Dodging
 + Level 4.7 Stealth
 + Level 2.2 Spellcasting
 + Level 5.3 Hexes
 + Level 0.6 Ice Magic


You had 2 spell levels left.
You knew the following spells:

 Your Spells              Type           Power        Failure   Level  Hunger
a - Corona                Hex            ###....      1%          1    #......
b - Ensorcelled Hibernat  Hex/Ice        ##....       10%         2    ##.....
c - Confuse               Hex            ###.....     10%         3    ###....


Dungeon Overview and Level Annotations

Branches:
Dungeon (3/27)

Altars:


Innate Abilities, Weirdness & Mutations

You heal slowly.
You have razor-sharp teeth.*
You have supernaturally acute eyesight.
You can survive without breathing.*


Message History

* * * LOW HITPOINT WARNING * * *
You closely miss the orc priest.
The orc priest is severely wounded.
The orc priest barely misses you.
An orc comes into view.
You closely miss the orc priest.
The orc priest is severely wounded.
The orc priest hits you with an orcish short sword.
* * * LOW HITPOINT WARNING * * *
The orc moves out of view.
You barely miss the orc priest.
The orc priest is severely wounded.
The orc priest barely misses you.
You hit the orc priest but do no damage.
The orc priest is severely wounded.
The orc priest becomes somewhat translucent.
You miss the orc priest. Your bite misses the orc priest.
The orc priest is severely wounded.
The orc priest hits you with an orcish short sword.
You die...

######## #..# #######. .##
####'###### #####.... ..#
#.........# #.......[ #.#####
#.........# #........ ......#
#.........# #........
......#####.........#####........
..........#.........'...'........
......###.'.....o...#####........
......# ###.....@...# #........
......# #.>.......# #........
......# #.........# #........
##.#### ########)## ######### #..
#..# .... #.## .... #. ..% .. ...


You could see an orc priest.

Vanquished Creatures
  A hound (D:2)
  Terence (D:3)
  4 adders
  2 giant mites
  3 giant geckos
  An ooze (D:1)
  3 orcs (D:3)
  2 giant cockroaches (D:1)
  3 goblins
  6 hobgoblins
  3 jackals
  7 bats
  5 giant newts (D:1)
  6 kobolds
  7 rats
54 creatures vanquished.

Notes
Turn   | Place    | Note
--------------------------------------------------------------
     0 | D:1      | Paddoo, the Vampire Enchanter, began the quest for the Orb.
     0 | D:1      | Reached XP level 1. HP: 13/13 MP: 4/4
   255 | D:1      | Reached XP level 2. HP: 19/19 MP: 5/5
   259 | D:1      | Learned a level 2 spell: Ensorcelled Hibernation
   621 | D:1      | Reached skill level 5 in Hexes
  1041 | D:2      | Reached XP level 3. HP: 24/24 MP: 4/7
  1675 | D:2      | Learned a level 3 spell: Confuse
  1888 | D:2      | Reached skill level 1 in Fighting
  1888 | D:2      | Reached XP level 4. HP: 27/30 MP: 6/9
  2244 | D:3      | Noticed Terence
  2253 | D:3      | Killed Terence
  2253 | D:3      | Reached XP level 5. HP: 35/35 MP: 6/10
  2364 | D:3      | Slain by an orc priest

Action                   |  1- 3 |  4- 6 || total
-------------------------+-------+-------++-------
Melee: Dagger            |   114 |     4 ||   118
       Short sword       |       |    78 ||    78
 Cast: Ensorcelled Hiber |    21 |     7 ||    28
       Confuse           |       |     7 ||     7
  Use: Scroll            |       |     1 ||     1
 Stab: Sleeping          |    15 |     7 ||    22
       Confused          |       |     7 ||     7
       Distracted        |       |     2 ||     2
